 Dungeon Crawl Stone Soup version 0.20-a0-555-gf6ae02d (webtiles) character file.

58 Minion the Conjurer (level 3, 0/19 HPs)
             Began as a Deep Elf Conjurer on Feb 6, 2017.
             Slain by a kobold (3 damage)
             ... on level 2 of the Dungeon.
             The game lasted 00:03:33 (778 turns).

Minion the Conjurer (Deep Elf Conjurer)              Turns: 778, Time: 00:03:33

Health: 0/19       AC:  2    Str:  5    XL:     3   Next: 75%
Magic:  3/10       EV: 13    Int: 20    God:
Gold:   64         SH:  0    Dex: 15    Spells: 8/9 levels left

rFire    . . .     SeeInvis .   (no weapon)
rCold    . . .     Gourm    .   a - +0 robe
rNeg     . . .     Faith    .   (no shield)
rPois    .         Spirit   .   (no helmet)
rElec    .         Reflect  .   (no cloak)
rCorr    .         Harm     .   (no gloves)
MR       .....                  (no boots)
Stlth    ++........             (no amulet)
Regen    0.1/turn               (no ring)
                                (no ring)

@: no status effects
A: no striking features
a: no special abilities


You were on level 2 of the Dungeon.
You were not hungry.

You visited 1 branch of the dungeon, and saw 2 of its levels.

You collected 64 gold pieces.

Inventory:

Armour
 a - a +0 robe (worn)
Scrolls
 e - 2 scrolls of recharging {unknown}
 g - 2 scrolls of identify {unknown}
 h - a scroll of remove curse {unknown}
 j - a scroll of teleportation {unknown}
Potions
 i - a potion of cancellation {unknown}
Books
 b - a book of Conjurations

   Spells                             Type                      Level
   a - Magic Dart                     Conjuration                  1
   b - Searing Ray                    Conjuration                  2
   c - Dazzling Spray                 Conjuration/Hexes            3
   d - Fulminant Prism                Conjuration/Hexes            4
   e - Iskenderun's Mystic Blast      Conjuration                  4
   f - Iskenderun's Battlesphere      Conjuration/Charms           5
Comestibles
 c - 2 bread rations
 d - 6 chunks of flesh
 f - a meat ration


   Skills:
 + Level 2.6 Dodging
 + Level 2.6 Stealth
 + Level 3.5 Spellcasting
 + Level 5.5 Conjurations


You had 8 spell levels left.
You knew the following spells:

 Your Spells              Type           Power        Failure   Level  Hunger
a - Magic Dart            Conj           ####         1%          1    None


Dungeon Overview and Level Annotations

Branches:
Dungeon (2/15)

Altars:
Okawaru

Annotations:
D:2 Ijyb


Message History

The kobold shouts!
You hear a shout! x2
A rat comes into view.
The gnoll barely misses you.
Ijyb the Twisted Goblin comes into view.
She is wielding a club.
A goblin and a gnoll come into view.
The gnoll is wielding a whip of pain.
The gnoll shouts!
A rat and a gnoll come into view.
Ijyb shouts!
The rat barely misses you. The kobold hits you with a club.
* * * LOW HITPOINT WARNING * * *
Found an iron altar of Okawaru.
Found a leather armour.
A rat comes into view.
A hobgoblin comes into view. It is wielding a club.
A goblin and a kobold come into view.
The rat barely misses you.
Found a stone staircase leading down.
The kobold hits you.
You die...

...# .#.# ...#####
......# #......#
### ###### ........
.... ....#########.
.......#
##...#.........g...
.......#
#>.................
........
......K@###.#.♣.♣.#
.####.##
#.###.g.Kr.g.......
.# #.#####.♣.♣.♣.♣
<# #. #...._... .#
. #g♣.♣.♣.♣ .# ##
##......[. .#
#.K#.♣.♣.# .#
#...........# .#
#.r.##.##.#.#


You could see a gnoll, a goblin (sleeping), 2 kobolds and a rat.

Vanquished Creatures
  2 adders (D:2)
  2 oozes
  A worm (D:2)
  A dart slug (D:1)
  A leopard gecko (D:1)
  A ball python (D:2)
  2 giant cockroaches (D:1)
  A goblin (D:1)
  5 hobgoblins
  A quokka (D:2)
  2 bats (D:1)
  3 frilled lizards
  4 rats
26 creatures vanquished.

Notes
Turn   | Place    | Note
-------+----------+-------------------------------------------
     0 | D:1      | Minion the Deep Elf Conjurer began the quest for the Orb.
     0 | D:1      | Reached XP level 1. HP: 10/10 MP: 6/6
   100 | D:1      | Reached XP level 2. HP: 13/15 MP: 0/8
   320 | D:1      | Reached skill level 5 in Conjurations
   598 | D:2      | Reached XP level 3. HP: 19/19 MP: 3/9
   759 | D:2      | Noticed Ijyb
   766 | D:2      | Found an iron altar of Okawaru.
   778 | D:2      | Slain by a kobold

Vault maps used:
D:1:      sevenhm_arrival_forest_fort_small_6
D:2:      okawaru_trees_1, nemelex_xobeh_ov_fountains_minmay,
          chequers_ecumenical_altar_simple_redux,
          grunt_dithmenos_smoke_and_mirrors, uniq_iyjb

Skill      XL: |  1  2 |
---------------+-------+-----
Conjurations   | 5 |  5.5
Dodging        | |  2.6
Stealth        | |  2.6
Spellcasting   | |  3.5

Action                   || total
-------------------------++-------
Melee: Unarmed           ||     2
 Cast: Magic Dart        ||    68
Armor: Robe              ||     2
Dodge: Dodged            ||     6
